 Dungeon Crawl Stone Soup version 0.26.1-11-gd32895ea62 (webtiles) character file.

Game seed: 15967802450088172000

114 Sopht the Slasher (level 4, -3/29 HPs)
             Began as a Tengu Berserker on July 19, 2021.
             Was a Believer of Trog.
             Slain by a gnoll
             ... wielding a +0 halberd
              (9 damage)
             ... on level 3 of the Dungeon.
             The game lasted 00:09:58 (2198 turns).

Sopht the Slasher (Tengu Berserker)                 Turns: 2198, Time: 00:10:01

Health: -3/29      AC:  6    Str: 18    XL:     4   Next: 97%
Magic:  14/14      EV: 12    Int:  8    God:    Trog [**....]
Gold:   103        SH:  0    Dex: 13    Spells: 3/3 levels left

rFire    . . .     SeeInvis .   a - +1 falchion
rCold    . . .     Faith    .   (no shield)
rNeg     . . .     Spirit   .   c - +0 ring mail
rPois    .         Reflect  .   (helmet restricted)
rElec    .         Harm     .   (no cloak)
rCorr    .         Rampage  .   h - +0 pair of gloves
Will     .....                  (boots unavailable)
Stlth    +.........             (no amulet)
HPRegen  0.09/turn              d - ring of magical power
MPRegen  0.14/turn              (no ring)

@: berserk cooldown, slowed, very slow
A: beak, talons 3
a: Renounce Religion, Berserk, Trog's Hand


You were on level 3 of the Dungeon.
You worshipped Trog.
Trog was pleased with you.
You visited 1 branch of the dungeon, and saw 3 of its levels.

You collected 103 gold pieces.

Inventory:

Hand Weapons
 a - a +1 falchion (weapon)
Armour
 c - a +0 ring mail (worn)
 h - a +0 pair of gloves (worn)
Jewellery
 d - a ring of magical power (left hand)
Scrolls
 f - 3 scrolls of remove curse
 k - 3 scrolls of magic mapping {unknown}
Potions
 b - a potion of brilliance {unknown}
 e - a potion of ambrosia {unknown}
 g - a potion of flight {unknown}
 i - 2 potions of heal wounds
 j - a potion of attraction {unknown}
 l - 2 potions of mutation {unknown}


   Skills:
 + Level 3.7 Fighting
 + Level 4.6 Long Blades
 + Level 3.0 Armour
 + Level 2.7 Dodging
 + Level 0.2 Stealth


You had 3 spell levels left.
You didn't know any spells.
Your spell library was empty.

Dungeon Overview and Level Annotations

Branches:
Dungeon (3/15)

Altars:
Nemelex Xobeh
Uskayaw


Innate Abilities, Weirdness & Mutations

You have a beak for a mouth.
You have claws for feet.


Message History

The shadow imp laughs crazily.
Things that are here:
a +0 short sword; a scroll of identify The gnoll closely misses you.
Things that are here:
a +0 morningstar; an orc corpse A worker ant comes into view.
You see here a +0 hand axe.
The gnoll hits you from afar with a +0 halberd.
Your skin stops crawling.
You feel less strong-willed. The gnoll hits you but does no damage.
The gnoll hits you from afar with a +0 halberd.
The gnoll barely misses you. The gnoll closely misses you.
You hit the gnoll. You claw the gnoll.
The gnoll is severely wounded.
The gnoll barely misses you. The gnoll hits you with a +0 halberd.
The gnoll hits you with a +0 halberd!
* * * LOW HITPOINT WARNING * * *
The gnoll hits you from afar with a +0 halberd!
You die...

#.# #.# #.#.####.#
#.#....##### #.# #.#
#.#.# #.# #.#....#
#.###.# #.#.# #.#
#.#....# # #.....# #.#.#
##+###.##.### #.
#.########.#.#
#...##.##.# #.#
#.#........#.# #...##.##.
#.# ##.#..........#
#...##.##. #..
..>...........###...##.##
#.#.#..
.............5gg@.......#
#......
..###########.####.######
#.#.#.. #. #).# #.# # #..
#. ##)###.# ### #+
##########g.##.#
.........)).##.#
.............#.#
.......5.....#.#
.............#.#


You could see 2 gnolls and a shadow imp.

Vanquished Creatures
  3 gnolls (D:2)
  2 adders
  A worm (D:3)
  2 leopard geckos (D:1)
  5 orcs (D:3)
  6 bats
  2 giant cockroaches
  8 goblins
  3 hobgoblins
  5 jackals
  6 kobolds
  2 ball pythons
  5 frilled lizards
  7 rats
57 creatures vanquished.

Notes
Turn   | Place    | Note
-------+----------+-------------------------------------------
     0 | D:1      | Sopht the Tengu Berserker began the quest for the Orb.
     0 | D:1      | Reached XP level 1. HP: 14/14 MP: 2/2
    86 | D:1      | You fall into a shaft and drop 1 floor!
   210 | D:2      | Reached XP level 2. HP: 19/19 MP: 3/3
   535 | D:1      | Reached skill level 4 in Long Blades
   535 | D:1      | Reached XP level 3. HP: 19/23 MP: 4/4
   697 | D:1      | Reached ** piety under Trog
  1050 | D:2      | Found a sparkling altar of Nemelex Xobeh.
  1131 | D:2      | Reached XP level 4. HP: 27/28 MP: 5/5
  1281 | D:2      | Found a hide-covered altar of Uskayaw.
  2198 | D:3      | Slain by a gnoll

Illustrated notes

Levels and vault maps discovered:
D:1:      wander_arrival_estate, layout_basic
D:2:      layout_loops_corners, eat_drink_and_be_merry_uskayaw,
          nemelex_xobeh_ov_fountains_minmay
D:3:      layout_basic

Skill      XL: |  1  2  3  4 |
---------------+-------------+-----
Long Blades    | 4 |  4.6
Armour         | 3 |  3.0
Fighting       | |  3.7
Dodging        | |  2.7
Stealth        | |  0.2

Action                   |  1- 3 |  4- 6 || total
-------------------------+-------+-------++-------
Melee: Falchion          |    54 |    43 ||    97
       Peck              |     8 |     6 ||    14
       Kick              |    20 |    13 ||    33
Invok: Berserk           |     2 |     1 ||     3
       Trog's Hand       |     1 |     1 ||     2
  Use: Scroll            |     4 |     2 ||     6
Armor: Animal skin       |     9 |       ||     9
       Ring mail         |    12 |    14 ||    26
Dodge: Dodged            |    28 |    29 ||    57
       Rpst.: Falchion   |     6 |     9 ||    15
